 Dungeon Crawl Stone Soup version 0.19-a0-687-g35db334 (webtiles) character file.

562 mopl the Insei (level 7, -14/54 HPs)
             Began as a Mummy Monk on June 18, 2016.
             Demolished by Prince Ribbit (17 damage)
             ... on level 5 of the Dungeon.
             The game lasted 00:10:21 (5296 turns).

mopl the Insei (Mummy Monk)                         Turns: 5296, Time: 00:10:22

Health: -14/54     AC:  3    Str: 14    XL:     7   Next: 10%
Magic:  16/16      EV: 14    Int:  9    God:
Gold:   229        SH:  0    Dex: 17    Spells: 0 memorised, 6 levels left

rFire  x . .     SeeInvis .       - Unarmed
rCold  + . .     Gourm    .     (no armour)
rNeg   + + +     Faith    .     (no shield)
rPois  ∞         Spirit   .     g - +2 helmet
rElec  .         Dismiss  .     (no cloak)
rCorr  .         Reflect  .     (no gloves)
SustAt .         Harm     .     (no boots)
MR     .....                    (no amulet)
Stlth  ++........               (no ring)
                                c - ring of magical power

@: not resistant to hostile enchantments, unstealthy
A: no food or potions, fire vulnerability, cold resistance 1, negative energy
resistance 3, torment resistance, unbreathing
a: no special abilities


You were on level 5 of the Dungeon.
You were not hungry.

You visited 1 branch of the dungeon, and saw 5 of its levels.

You collected 229 gold pieces.

Inventory:

Armour
 g - a +2 helmet (worn)
Jewellery
 b - an uncursed amulet of harm {unknown}
 c - a ring of magical power (left hand)
Scrolls
 a - a scroll of enchant armour
 d - 5 scrolls of teleportation
 e - 2 scrolls of immolation {!r}
 i - a scroll of noise
 j - a scroll of blinking {unknown}
 k - 2 scrolls of enchant weapon {unknown}


   Skills:
 + Level 4.0 Fighting
 + Level 3.4 Dodging
 - Level 1.5 Stealth
 * Level 5.9 Unarmed Combat


You had 6 spell levels left.
You didn't know any spells.

Dungeon Overview and Level Annotations

Branches:
Dungeon (5/15)
 Temple: D:4-7

Altars:
Fedhas

Annotations:
D:1 Ijyb
D:3 exclusion: jelly, Grinder
D:5 Prince Ribbit


Innate Abilities, Weirdness & Mutations

You do not eat or drink.
Your flesh is vulnerable to fire.
You are immune to poison.
Your flesh is cold resistant. (rC+)
You are immune to negative energy. (rN+++)
You are immune to unholy pain and torment.
You can survive without breathing.


Message History

Prince Ribbit is lightly wounded.
Prince Ribbit closely misses you. Prince Ribbit hits you!
You are too injured to fight recklessly!
You hit Prince Ribbit.
Prince Ribbit is moderately wounded.
Prince Ribbit hits you but does no damage.
You hit Prince Ribbit but do no damage.
Prince Ribbit is moderately wounded.
Prince Ribbit hits you!
* * * LOW HITPOINT WARNING * * *
You miss Prince Ribbit.
Prince Ribbit is moderately wounded.
Prince Ribbit closely misses you.
Okay, then.
You miss Prince Ribbit.
Prince Ribbit is moderately wounded.
Prince Ribbit hits you.
* * * LOW HITPOINT WARNING * * *
Prince Ribbit hits you!
You die...

#..........
#......PPP.
#.....P..PP
#.....PP_PP
#......PP[P
#..$....P
#.....#
########.#
#@F...!..#
##########


You could see Prince Ribbit.

Vanquished Creatures
  2 ogres (D:4)
  A scorpion (D:4)
  3 giant frog skeletons (D:4)
  3 hounds (D:4)
  Jessica (D:2)
  Terence (D:2)
  5 adders
  2 dart slugs (D:4)
  4 giant geckos
  4 orcs
  A ball python (D:4)
  6 giant cockroaches
  5 goblins
  6 hobgoblins
  10 jackals
  A quokka (D:5)
  7 bats
  6 giant newts
  A jackal skeleton (D:4)
  10 kobolds
  9 rats
88 creatures vanquished.

Notes
Turn   | Place    | Note
--------------------------------------------------------------
     0 | D:1      | mopl the Mummy Monk began the quest for the Orb.
     0 | D:1      | Reached XP level 1. HP: 18/18 MP: 1/1
   269 | D:1      | Reached XP level 2. HP: 21/24 MP: 2/2
   311 | D:1      | Reached skill level 3 in Unarmed Combat
   769 | D:2      | Noticed Jessica
   786 | D:2      | Killed Jessica
   786 | D:2      | Reached XP level 3. HP: 12/29 MP: 3/3
   969 | D:2      | Noticed Ijyb
  1343 | D:2      | Noticed Terence
  1776 | D:3      | Reached skill level 4 in Unarmed Combat
  1847 | D:3      | Noticed Grinder
  1858 | D:2      | Reached XP level 4. HP: 35/35 MP: 4/4
  2011 | D:2      | Killed Terence
  2699 | D:3      | Paralysed by Grinder for 4 turns
  3177 | D:4      | Reached XP level 5. HP: 35/41 MP: 5/5
  3583 | D:3      | Reached skill level 5 in Unarmed Combat
  4012 | D:4      | Reached XP level 6. HP: 23/47 MP: 6/6
  4365 | D:4      | Reached skill level 3 in Dodging
  4588 | D:4      | HP: 2/48 [scorpion (9)]
  4995 | D:4      | Reached XP level 7. HP: 48/53 MP: 7/7
  5192 | D:5      | Entered Level 5 of the Dungeon
  5249 | D:5      | Found a blossoming altar of Fedhas.
  5250 | D:5      | Noticed Prince Ribbit
  5269 | D:4      | Reached skill level 4 in Fighting
  5296 | D:5      | Demolished by Prince Ribbit

Vault maps used:
D:1:      tarquinn_simple_flora_water_e
D:2:      first_bread, uniq_iyjb, uniq_terence, uniq_jessica
D:3:      uniq_grinder
D:5:      nicolae_ru_great_annihilating_truth, fedhas_altar_3, tgw_trog,
          uniq_prince_ribbit1, uniq_crazy_yiuf_cottage

Skill      XL: |  1  2  3  4  5  6  7 |
---------------+----------------------+-----
Unarmed Combat | 3 4 5 |  5.9
Dodging        | 3 |  3.4
Fighting       | 4 |  4.0
Stealth        | |  1.5

Action                   |  1- 3 |  4- 6 |  7- 9 || total
-------------------------+-------+-------+-------++-------
Melee: Unarmed           |   157 |   288 |    26 ||   471
       Punch             |     1 |     7 |     1 ||     9
  Use: Scroll            |     5 |     3 |       ||     8
 Stab: Sleeping          |     2 |     4 |       ||     6
Armor: Skin              |     5 |    65 |     3 ||    73
Dodge: Dodged            |   106 |   183 |    12 ||   301
